 Adventure DCSS version bcrawl-1.21.2-28-g2cb1824106 (webtiles) character file.

Game seed: 1549919655848042194

4 Defined the Conjurer (level 1, 14/14 HPs)
             Began as a Gnoll Conjurer on Mar 3, 2020.
             Quit the game on level 2 of the Dungeon.
             The game lasted 00:02:01 (900 turns).

Defined the Conjurer (Gnoll Conjurer)                Turns: 900, Time: 00:02:02

Health: 14/14      AC:  3    Str: 10    XL:     1   Next: 70%
Magic:  6/6        EV: 14    Int: 17    God:
Gold:   74         SH:  0    Dex: 15    Spells: 8/9 levels left
                                        Lives:  1   Deaths: 1

rFire    . . .     SeeInvis .   b - +0 hand axe
rCold    . . .     Gourm    .   (no shield)
rNeg     . . .     Faith    .   a - +0 robe
rPois    .         Spirit   .   (no helmet)
rElec    .         Reflect  .   (no cloak)
rCorr    .         Harm     .   (no gloves)
MR       .....                  i - +0 pair of boots (curse)
Stlth    +++.......             (no amulet)
HPRegen  0.04/turn              (no ring)
MPRegen  0.10/turn              (no ring)

@: no status effects
A: distributed training, fangs 1, strong nose
a: no special abilities


You were on level 2 of the Dungeon.
You were not hungry.

You visited 1 branch of the dungeon, and saw 2 of its levels.

You collected 74 gold pieces.

Inventory:

Hand Weapons
 b - a +0 hand axe (weapon)
Missiles
 m - 90 poisoned needles
Armour
 a - a +0 robe (worn)
 i - a cursed +0 pair of boots (worn)
Scrolls
 d - 3 scrolls of identify {unknown}
 f - a scroll of magic mapping {unknown}
 g - a scroll of enchant armour {unknown}
 j - a scroll of fog {unknown}
 o - a scroll of teleportation {unknown}
Potions
 c - a potion of magic
 h - 2 potions of berserk rage {unknown}
 k - a potion of flight {unknown}
 l - a potion of ambrosia {unknown}
 n - a potion of might {unknown}
Comestibles
 e - a ration {!d}


   Skills:
 + Level 0.5 Fighting
 + Level 0.5 Short Blades
 + Level 0.5 Long Blades
 + Level 0.5 Axes
 + Level 0.5 Maces & Flails
 + Level 0.5 Polearms
 + Level 0.5 Staves
 + Level 0.5 Slings
 + Level 0.5 Bows
 + Level 0.5 Crossbows
 + Level 0.5 Throwing
 + Level 0.5 Armour
 + Level 4.5 Dodging
 + Level 4.5 Stealth
 + Level 0.5 Shields
 + Level 0.5 Unarmed Combat
 + Level 4.9 Spellcasting
 + Level 7.0 Conjurations
 + Level 0.3 Hexes
 + Level 0.3 Charms
 + Level 0.3 Summonings
 + Level 0.3 Necromancy
 + Level 0.3 Translocations
 + Level 0.3 Transmutations
 + Level 0.3 Fire Magic
 + Level 0.3 Ice Magic
 + Level 0.3 Air Magic
 + Level 0.3 Earth Magic
 + Level 0.3 Poison Magic
 + Level 0.6 Invocations
 + Level 0.5 Evocations


You had 8 spell levels left.
You knew the following spells:

 Your Spells              Type           Power        Failure   Level  Hunger
a - Magic Dart            Conj           ####         1%          1    None

Your spell library contained the following spells:

 Spells                   Type           Power        Failure   Level  Hunger
 Searing Ray              Conj           ####....     1%          2    #......
 Iskenderun's Mystic Bla  Conj           ####....     2%          3    ###....
 Fulminant Prism          Conj/Hex       ###.......   30%         4    ####...
 Irradiate                Conj/Tmut      ###.......   65%         5    ######.


Dungeon Overview and Level Annotations

Branches:
Dungeon (2/12)

Altars:


Innate Abilities, Weirdness & Mutations

Your experience applies equally to all skills.
You have very sharp teeth.
Your uncanny sense of smell can sniff out nearby items.


Message History

The worm bites you!
You slash the worm!
The worm is heavily wounded.
The worm bites you!
* * * LOW HITPOINT WARNING * * *
You are too injured to fight recklessly!
You are too injured to fight recklessly!
You are too injured to fight recklessly!
You hit the worm.
The worm is severely wounded.
You completely miss the worm. You bite the worm.
The worm is severely wounded.
The worm bites you!
Ouch! That really hurt!
You die...
Xom reaches out...
You are now level 1!
You rejoin the land of the living...
Found three stone staircases leading down.
Are you sure you want to abandon this character and quit the game? (Confirm with "yes".)

#..........<#
...
#..w†.....###
.............#
..........%..#
(............#
∆
..#........!.#
. #.###..###.#
#.>...## #.# .
#@..# .#
#.>..###
#......#
###..#.#
.>..#.#
.###...# . #
... .##∆


There were no monsters in sight!

Vanquished Creatures
  2 dart slugs (D:1)
  A leopard gecko (D:1)
  2 giant cockroaches (D:1)
  4 bats (D:1)
  2 frilled lizards (D:1)
  3 kobolds (D:1)
  4 rats (D:1)
18 creatures vanquished.

Notes
Turn   | Place    | Note
-------+----------+-------------------------------------------
     0 | D:1      | Defined the Gnoll Conjurer began the quest for the Orb.
     0 | D:1      | Reached XP level 1. HP: 13/13 MP: 6/6
   206 | D:1      | Reached XP level 2. HP: 19/19 MP: 7/7
   898 | D:2      | Slain by a worm
   899 | D:2      | Reached XP level 1. HP: -4/14 MP: 6/6
   900 | D:2      | Quit the game

Action                   || total
-------------------------++-------
Melee: Hand axe          ||    66
       Bite              ||     9
 Stab: Sleeping          ||     7
Armor: Robe              ||    22
Dodge: Dodged            ||    50
